Description

Test

Build Order

Get SALT Encoding   

  12  0:01  Drone  
  13  0:09  Drone  
  14  0:17  Overlord  
  14  0:35  Drone x3  
  17  0:50  Hatchery  
  16  1:00  Drone x2  
  18  1:02  Extractor  
  17  1:15  Spawning Pool  
  16  1:20  Drone x2  
  18  1:30  Drone  
  19  1:40  Overlord  
  19  2:05  Queen x2  
  23  2:10  Zergling x3  
  26  2:20  Drone x2  
  28  2:30  Drone x2  
  30  2:40  Overlord  
  30  2:50  Drone x3  
  33  2:55  Drone  
  34  3:00  Drone x2, Evolution Chamber  
  35  3:05  Drone  
  36  3:20  Hatchery  
  35  3:25  Drone x6  
  41  3:35  Zerg Ground Armor Level 1, Overlord  
  41  3:40  Queen  
  43  3:43  Overlord  
  43  3:55  Queen  
  45  4:05  Drone x7  
  52  4:17  Zergling x2  
  54  4:20  Overlord  
  54  4:30  Queen x2, Overlord  
  58  4:50  Drone x5, Baneling Nest, Overlord  
  61  4:55  Hatchery  
  61  4:58  Drone x3, Lair  
  64  5:05  Drone  
  65  5:07  Overlord  
  65  5:10  Drone x3  
  68  5:20  Zergling x5  
  73  5:23  Extractor x2  
  70  5:30  Zergling x6, Zerg Melee Weapons Level 1  
  68  5:50  Zergling x3  
  70  6:00  Drone x6, Spire  
  76  6:03  Overlord  
  76  6:05  Drone x8  
  84  6:10  Extractor x2  
  82  6:18  Drone x3  
  85  6:30  Drone x3  
  88  6:35  Zergling x5  
  93  6:37  Overlord  
  93  6:40  Hatchery, Centrifical Hooks  
  92  6:43  Overlord  
  92  6:50  Drone x5  
  97  6:55  Extractor  
  96  7:00  Drone x4  
Spawning Tool Build Advisor. Get it on Overwolf

Go to:

Details

  • Created by: JohnieR
  • Published on: Jun 01, 2017
  • Modified on: Jun 01, 2017
  • Patch: 3.8.0
Show
View Real Time Build Order
Export as new Build Order

Comments (0)

There are no comments. Be the first!

Create an account to comment!